PCL
SPOKANE TRAPPERS @ LAS VEGAS STARS
08/12/2024
 
TOP OF THE 1ST
Spokane Trappers batting - Pitching for Las Vegas Stars : RHP Brett Dwyer
Pitching: RHP Brett Dwyer
Batting: LHB Jaime Padilla 0-0: Reached on error, E5 (Groundball, 5)
Batting: RHB John Craig 0-0: Ball
1-0: Ball
2-0: Called Strike
2-1: Ground out 6-3 (Groundball, 6S)
Jaime Padilla to second
Batting: RHB Jeremy Carr 0-0: Ball
1-0: Swinging Strike
1-1: Ball
2-1: Ball
3-1: Called Strike
3-2: Base on Balls
Batting: SHB Esteban Silva 0-0: Swinging Strike
0-1: Ball
1-1: Swinging Strike
1-2: Ball
Wild Pitch!
Jaime Padilla to third
Jeremy Carr to second
2-2: Foul Ball, location: 2F
2-2: Foul Ball, location: 2F
2-2: Fly out, F5 (Popup, 5F)
Batting: LHB José Feliciano 0-0: SINGLE (Line Drive, 7LS)
Jaime Padilla scores
Jeremy Carr to third
Runner from 3rd tries for Home, SAFE, no throw or cutoff
Batting: RHB Ramiro Ross 0-0: Called Strike
0-1: Called Strike
0-2: Fielders Choice at 2nd, U4 (Groundball, 4M)
Top of the 1st over - 2 run(s), 1 hit(s), 1 error(s), 1 left on base; Spokane 2 - Las Vegas 0
BOTTOM OF THE 1ST
Las Vegas Stars batting - Pitching for Spokane Trappers : RHP Andrew Kirk
Pitching: RHP Andrew Kirk
Batting: LHB Parker Marshall 0-0: Ball
1-0: Ball
2-0: Ball
3-0: Called Strike
3-1: Ground out 3-1 (Groundball, 34)
Batting: RHB Xin Zhang 0-0: Ball
1-0: Ground out 6-3 (Groundball, 6)
Batting: LHB Eliot Helen 0-0: Ball
1-0: Ball
2-0: SOLO HOME RUN (Flyball, 89XD), Distance : 426 ft
Batting: RHB Joe Scott 0-0: Swinging Strike
0-1: SINGLE (Line Drive, 56)
Batting: LHB Fernando De La Cruz 0-0: Called Strike
0-1: Ball
1-1: SINGLE (Groundball, 34)
Joe Scott to second
Runner from 2nd tries for 3rd, OUT!
Bottom of the 1st over - 1 run(s), 3 hit(s), 0 error(s), 1 left on base; Spokane 2 - Las Vegas 1
TOP OF THE 2ND
Spokane Trappers batting - Pitching for Las Vegas Stars : RHP Brett Dwyer
Batting: RHB Pedro Rodríguez 0-0: SOLO HOME RUN (Line Drive, 7D), Distance : 401 ft
Batting: LHB Fernando Pérez 0-0: Ball
1-0: Ball
2-0: Ball
3-0: Base on Balls
Batting: RHB Ernesto Acosta 0-0: Ball
1-0: Ball
2-0: Ball
3-0: Base on Balls
Fernando Pérez to second
Batting: LHB Jaime Padilla 0-0: Fly out, F8 (Line Drive, 8LD)
Runner from 2nd tags up, SAFE at 3rd, no throw
Batting: RHB John Craig 0-0: Ball
1-0: Ball
2-0: Foul Ball, location: 2F
2-1: Ball
3-1: Base on Balls
Ernesto Acosta to second
Batting: RHB Jeremy Carr 0-0: Foul Ball, location: 2F
0-1: Ball
1-1: Swinging Strike
1-2: Foul Ball, location: 2F
1-2: Ball
2-2: Foul Ball, location: 2F
2-2: Ball
3-2: Base on Balls
Fernando Pérez scores
Ernesto Acosta to third
John Craig to second
Batting: SHB Esteban Silva 0-0: Ball
1-0: Grounds into double play, 6-4-3 (Groundball, 6)
Top of the 2nd over - 2 run(s), 1 hit(s), 0 error(s), 2 left on base; Spokane 4 - Las Vegas 1
BOTTOM OF THE 2ND
Las Vegas Stars batting - Pitching for Spokane Trappers : RHP Andrew Kirk
Batting: RHB Matthieu Vancini 0-0: Ball
1-0: Swinging Strike
1-1: Fly out, F6 (Popup, 56D)
Batting: RHB Ryan Campbell 0-0: Ball
1-0: Ground out 6-3 (Groundball, 6)
Batting: RHB José Zúńiga 0-0: Called Strike
0-1: Swinging Strike
0-2: Foul Ball, location: 2F
0-2: Ball
1-2: Strikes out swinging
Bottom of the 2nd over - 0 run(s), 0 hit(s), 0 error(s), 0 left on base; Spokane 4 - Las Vegas 1
TOP OF THE 3RD
Spokane Trappers batting - Pitching for Las Vegas Stars : RHP Brett Dwyer
Batting: LHB José Feliciano 0-0: Called Strike
0-1: Ball
1-1: Ball
2-1: Reached on error, E5 (Groundball, 5S)
Batting: RHB Ramiro Ross 0-0: Foul Ball, location: 2F
0-1: Foul Ball, location: 2F
0-2: Ball
1-2: Ball
2-2: Strikes out swinging
Batting: RHB Pedro Rodríguez 0-0: Ball
1-0: Foul Ball, location: 2F
1-1: Foul Ball, location: 2F
1-2: Strikes out looking
Batting: LHB Fernando Pérez 0-0: Ball
1-0: Ball
2-0: Foul Ball, location: 2F
2-1: SINGLE (Line Drive, 9S)
José Feliciano to second
Runner from 2nd tries for 3rd, SAFE, throw made to third
Batting: RHB Ernesto Acosta 0-0: Called Strike
0-1: Fly out, F2 (Popup, 2LF)
Top of the 3rd over - 0 run(s), 1 hit(s), 1 error(s), 2 left on base; Spokane 4 - Las Vegas 1
BOTTOM OF THE 3RD
Las Vegas Stars batting - Pitching for Spokane Trappers : RHP Andrew Kirk
Batting: LHB Evan Slootweg 0-0: Ball
1-0: Ball
2-0: Ball
3-0: Base on Balls
Batting: LHB Parker Marshall 0-0: Called Strike
0-1: Fielders Choice at 2nd, 3-6 (Groundball, 3)
Batting: RHB Xin Zhang 0-0: Foul Ball, location: 2F
0-1: SINGLE (Line Drive, 6MD)
Parker Marshall to second
Batting: LHB Eliot Helen 0-0: SINGLE (Groundball, 4MD)
Parker Marshall to third
Xin Zhang to second
Batting: RHB Joe Scott 0-0: Swinging Strike
0-1: Called Strike
0-2: Ball
1-2: Fly out, F7 (Line Drive, 7M)
Runner from 3rd tags up, SCORES, throw made
Batting: LHB Fernando De La Cruz 0-0: Foul Ball, location: 2F
0-1: Fly out, F3 (Popup, 3F)
Bottom of the 3rd over - 1 run(s), 2 hit(s), 0 error(s), 2 left on base; Spokane 4 - Las Vegas 2
TOP OF THE 4TH
Spokane Trappers batting - Pitching for Las Vegas Stars : RHP Brett Dwyer
Batting: LHB Jaime Padilla 0-0: Called Strike
0-1: Ball
1-1: Ball
2-1: Ball
3-1: Base on Balls
Batting: RHB John Craig 0-0: Ball
1-0: Ball
2-0: Foul Ball, location: 2F
2-1: Ball
3-1: Fly out, F8 (Flyball, 8LM)
Batting: RHB Jeremy Carr 0-0: Grounds into double play, 4-6-3 (Groundball, 4)
Top of the 4th over - 0 run(s), 0 hit(s), 0 error(s), 0 left on base; Spokane 4 - Las Vegas 2
BOTTOM OF THE 4TH
Las Vegas Stars batting - Pitching for Spokane Trappers : RHP Andrew Kirk
Batting: RHB Matthieu Vancini 0-0: Fly out, F9 (Flyball, 89M)
Batting: RHB Ryan Campbell 0-0: Called Strike
0-1: Called Strike
0-2: Strikes out swinging
Batting: RHB José Zúńiga 0-0: Foul Ball, location: 2F
0-1: Foul Ball, location: 2F
0-2: Ball
1-2: Foul Ball, location: 2F
1-2: Ball
2-2: SINGLE (Line Drive, 34D)
Batting: LHB Evan Slootweg 0-0: Swinging Strike
0-1: Ball
1-1: Ground out U3 (Groundball, 3)
Bottom of the 4th over - 0 run(s), 1 hit(s), 0 error(s), 1 left on base; Spokane 4 - Las Vegas 2
TOP OF THE 5TH
Spokane Trappers batting - Pitching for Las Vegas Stars : RHP Brett Dwyer
Batting: SHB Esteban Silva 0-0: Called Strike
0-1: Ball
1-1: Called Strike
1-2: Ball
2-2: Ball
3-2: SINGLE (Groundball, 3D)
Pitching: RHP Ricardo Maldonado
Batting: LHB José Feliciano 0-0: Ball
1-0: Called Strike
1-1: Foul Ball, location: 2F
1-2: Strikes out swinging
Batting: RHB Ramiro Ross 0-0: Swinging Strike
0-1: Called Strike
0-2: Strikes out looking
Batting: RHB Pedro Rodríguez 0-0: Fielders Choice at 2nd, U6 (Groundball, 6M)
Top of the 5th over - 0 run(s), 1 hit(s), 0 error(s), 1 left on base; Spokane 4 - Las Vegas 2
BOTTOM OF THE 5TH
Las Vegas Stars batting - Pitching for Spokane Trappers : RHP Andrew Kirk
Batting: LHB Parker Marshall 0-0: Ball
1-0: Foul Ball, location: 2F
1-1: Ball
2-1: Swinging Strike
2-2: Ball
3-2: Foul Ball, location: 2F
3-2: Ground out 4-3 (Groundball, 4M)
Batting: RHB Xin Zhang 0-0: Called Strike
0-1: Foul Ball, location: 2F
0-2: Ball
1-2: Fly out, F9 (Flyball, 9D)
Batting: LHB Eliot Helen 0-0: DOUBLE (Line Drive, 7LD)
Batting: RHB Joe Scott 0-0: SINGLE (Flyball, 78S)
Eliot Helen to third
Runner from 3rd tries for Home, SAFE, throw made home
Batting: LHB Fernando De La Cruz 0-0: Called Strike
0-1: Ball
1-1: Foul Ball, location: 2F
1-2: Ball
2-2: Ground out U3 (Groundball, 3)
Bottom of the 5th over - 1 run(s), 2 hit(s), 0 error(s), 1 left on base; Spokane 4 - Las Vegas 3
TOP OF THE 6TH
Spokane Trappers batting - Pitching for Las Vegas Stars : RHP Ricardo Maldonado
Batting: LHB Fernando Pérez 0-0: Foul Ball, location: 2F
0-1: Foul Ball, location: 2F
0-2: Ball
1-2: Ball
2-2: Strikes out swinging
Batting: RHB Ernesto Acosta 0-0: Swinging Strike
0-1: Ball
1-1: Called Strike
1-2: Ball
2-2: Ball
3-2: Foul Ball, location: 2F
3-2: Base on Balls
Batting: LHB Jaime Padilla 0-0: Ball
1-0: Called Strike
1-1: Ball
2-1: Swinging Strike
2-2: Ball
3-2: Base on Balls
Ernesto Acosta to second
Batting: RHB John Craig 0-0: Ball
1-0: Foul Ball, location: 2F
1-1: Foul Ball, location: 2F
1-2: Ball
Wild Pitch!
Ernesto Acosta to third
Jaime Padilla to second
2-2: Fly out, F4 (Popup, 3F)
Batting: RHB Jeremy Carr 0-0: Foul Ball, location: 2F
0-1: Ball
1-1: SINGLE (Flyball, 78M)
Ernesto Acosta scores
Jaime Padilla to third
Runner from 3rd tries for Home, SAFE, no throw or cutoff
Batting: SHB Esteban Silva 0-0: Ball
1-0: Called Strike
Jeremy Carr steals 2nd base
1-1: Ball
2-1: Ground out 3-1 (Groundball, 34)
Top of the 6th over - 2 run(s), 1 hit(s), 0 error(s), 1 left on base; Spokane 6 - Las Vegas 3
BOTTOM OF THE 6TH
Las Vegas Stars batting - Pitching for Spokane Trappers : RHP Andrew Kirk
Batting: RHB Matthieu Vancini 0-0: Swinging Strike
0-1: Foul Ball, location: 2F
0-2: Ball
1-2: Strikes out swinging
Batting: RHB Ryan Campbell 0-0: Ball
1-0: Ball
2-0: Ball
3-0: Base on Balls
Pitching: RHP José Navarro
Batting: RHB José Zúńiga 0-0: Ball
1-0: Foul Ball, location: 2F
1-1: Grounds into double play, 6-4-3 (Groundball, 6)
Bottom of the 6th over - 0 run(s), 0 hit(s), 0 error(s), 0 left on base; Spokane 6 - Las Vegas 3
TOP OF THE 7TH
Spokane Trappers batting - Pitching for Las Vegas Stars : RHP Ricardo Maldonado
Pitching: RHP António Martínez
Batting: LHB José Feliciano 0-0: Called Strike
0-1: Ball
1-1: Ball
2-1: SOLO HOME RUN (Flyball, 7LD), Distance : 396 ft
Batting: RHB Ramiro Ross 0-0: Ball
1-0: Called Strike
1-1: Fly out, F9 (Flyball, 9D)
Batting: RHB Pedro Rodríguez 0-0: Foul Ball, location: 2F
0-1: Foul Ball, location: 2F
0-2: Ball
1-2: Foul Ball, location: 2F
1-2: Foul Ball, location: 2F
1-2: Strikes out looking
Batting: LHB Fernando Pérez 0-0: Called Strike
0-1: Ball
1-1: Ball
2-1: SINGLE (Line Drive, 34)
Batting: RHB Ernesto Acosta 0-0: Called Strike
0-1: Ball
1-1: Ball
2-1: Ball
3-1: Fielders Choice at 2nd, 6-4 (Groundball, 6)
Top of the 7th over - 1 run(s), 2 hit(s), 0 error(s), 0 left on base; Spokane 7 - Las Vegas 3
BOTTOM OF THE 7TH
Las Vegas Stars batting - Pitching for Spokane Trappers : RHP José Navarro
Batting: LHB Evan Slootweg 0-0: Called Strike
0-1: DOUBLE (Line Drive, 8RM)
Batting: LHB Parker Marshall 0-0: Ball
1-0: Foul Ball, location: 2F
1-1: Called Strike
1-2: Ball
2-2: SINGLE (Line Drive, 56D)
Evan Slootweg to third
Batting: RHB Xin Zhang 0-0: Ball
1-0: Ball
2-0: Ball
3-0: Called Strike
3-1: Base on Balls
Parker Marshall to second
Batting: LHB Eliot Helen 0-0: Ball
1-0: Fly out, F5 (Popup, 56S)
Batting: RHB Joe Scott 0-0: Foul Ball, location: 2F
0-1: Fly out, F9 (Flyball, 9S)
Batting: LHB Fernando De La Cruz 0-0: Ball
1-0: Ball
2-0: Ball
3-0: Base on Balls
Evan Slootweg scores
Parker Marshall to third
Xin Zhang to second
Pinch Hitting: SHB Sloan James 0-0: Called Strike
0-1: Swinging Strike
0-2: Foul Ball, location: 2F
0-2: Strikes out swinging
Bottom of the 7th over - 1 run(s), 2 hit(s), 0 error(s), 3 left on base; Spokane 7 - Las Vegas 4
TOP OF THE 8TH
Spokane Trappers batting - Pitching for Las Vegas Stars : RHP António Martínez
Now in LF: Albert Rodríguez
Batting: LHB Jaime Padilla 0-0: Ball
1-0: Called Strike
1-1: Ball
2-1: Fly out, F7 (Flyball, 78M)
Batting: RHB John Craig 0-0: Ball
1-0: Ground out 6-3 (Groundball, 6)
Batting: RHB Jeremy Carr 0-0: Called Strike
0-1: Called Strike
0-2: Ball
1-2: Ground out 4-3 (Groundball, 4M)
Top of the 8th over - 0 run(s), 0 hit(s), 0 error(s), 0 left on base; Spokane 7 - Las Vegas 4
BOTTOM OF THE 8TH
Las Vegas Stars batting - Pitching for Spokane Trappers : RHP José Navarro
Batting: RHB Ryan Campbell 0-0: Ball
1-0: Fly out, F9 (Flyball, 89D)
Pitching: RHP Ching-wei Zi
Batting: RHB José Zúńiga 0-0: Called Strike
0-1: Called Strike
0-2: Strikes out swinging
Batting: LHB Evan Slootweg 0-0: Foul Ball, location: 2F
0-1: Ball
1-1: Ground out 6-3 (Groundball, 6M)
Bottom of the 8th over - 0 run(s), 0 hit(s), 0 error(s), 0 left on base; Spokane 7 - Las Vegas 4
TOP OF THE 9TH
Spokane Trappers batting - Pitching for Las Vegas Stars : RHP António Martínez
Pitching: RHP Mike Drader
Batting: SHB Esteban Silva 0-0: Foul Ball, location: 2F
0-1: Ball
1-1: Ball
2-1: Foul Ball, location: 2F
2-2: Ball
3-2: Base on Balls
Batting: LHB José Feliciano 0-0: Swinging Strike
0-1: Ball
1-1: Foul Ball, location: 2F
1-2: Ball
2-2: Strikes out looking
Batting: RHB Ramiro Ross 0-0: Fly out, F8 (Flyball, 8LS)
Batting: RHB Pedro Rodríguez 0-0: Ball
1-0: Called Strike
1-1: Fly out, F8 (Flyball, 89XD)
Top of the 9th over - 0 run(s), 0 hit(s), 0 error(s), 1 left on base; Spokane 7 - Las Vegas 4
BOTTOM OF THE 9TH
Las Vegas Stars batting - Pitching for Spokane Trappers : RHP Ching-wei Zi
Pitching: RHP Mike Pierce
Batting: LHB Parker Marshall 0-0: Ball
1-0: Called Strike
1-1: Ball
2-1: Foul Ball, location: 2F
2-2: Ball
3-2: Base on Balls
Batting: RHB Xin Zhang 0-0: Ball
1-0: Foul Ball, location: 2F
1-1: Foul Ball, location: 2F
1-2: Ball
2-2: Grounds into double play, 6-4-3 (Groundball, 6)
Batting: LHB Eliot Helen 0-0: Ball
1-0: Ball
2-0: Ground out U3 (Groundball, 3S)
Bottom of the 9th over - 0 run(s), 0 hit(s), 0 error(s), 0 left on base; Spokane 7 - Las Vegas 4
This league is powered by Out of the Park Baseball, the baseball management simulation game for PC, Mac and Linux
Saturday, April 9th, 2016 - OOTP Baseball 16.8 Build 38